Cogmind - Beta 11 *** ADVENTURER MODE // 2022.04.17 @ 13:56:34 Player: Big Tortoise Result: Self-destructed Performance ------------- Evolutions (1) 500 Regions Visited (2) 400 Robots Destroyed (18) 90 Value Destroyed (476) 476 Prototype IDs (2) 40 Alien Tech Used (0) 0 Bonus (11) 11 TOTAL SCORE: 1517 Bonus ------- High Alert Combat Kills 11 Cogmind --------- Core Integrity 389/400 Matter 263/300 Energy 160/160 System Corruption 0% Temperature Cool (0) Movement Walking (120) Location -9/Materials Parts ------- > --- POWER (1) -------- Light Nuclear Core > --- PROPULSION (3) --- Carbon-fiber Leg Carbon-fiber Leg Carbon-fiber Leg > --- UTILITY (3) ------ Small Storage Unit Terrain Scanner Terrain Scan Processor > --- WEAPON (2) ------- High-powered Shotgun High-powered Shotgun > --- INVENTORY (8) ---- Light Treads Carbon-fiber Leg Wheel Hardened Light Armor Plating Assault Rifle Light Cannon Peak State ------------ > --- POWER ------------ Light Nuclear Core > --- PROPULSION ------- Carbon-fiber Leg Carbon-fiber Leg Carbon-fiber Leg > --- UTILITY ---------- Small Storage Unit Terrain Scanner Hardened Light Armor Plating > --- WEAPON ----------- High-powered Shotgun High-powered Shotgun > --- INVENTORY -------- Light Treads Carbon-fiber Leg Wheel Assault Rifle Light Cannon [Rating: 22] Favorites ----------- Power Light Nuclear Core Engine Light Ion Engine Power Core Light Nuclear Core Propulsion Aluminum Leg Leg Aluminum Leg Utility Small Storage Unit Device Terrain Scanner Storage Small Storage Unit Processor Terrain Scan Processor Protection Medium Armor Plating Weapon High-powered Shotgun Energy Gun EM Pulse Gun Ballistic Gun High-powered Shotgun Build | -11 -10 -9 ------- Run | Scr Mat Mat Slots Evolved 2 | . . 2 Power . | . . . Propulsion 1 | . . 1 Utility 1 | . . 1 Weapon . | . . . Parts Attached 16 | 6 2 8 Power 2 | 1 1 . Engine 1 | 1 . . Core 1 | . 1 . Reactor . | . . . Propulsion 5 | 2 . 3 Treads . | . . . Leg 5 | 2 . 3 Wheel . | . . . Hover . | . . . Flight . | . . . Utility 5 | 1 1 3 Device 1 | . 1 . Storage 1 | 1 . . Processor 1 | . . 1 Hackware . | . . . Protection 2 | . . 2 Artifact . | . . . Weapon 4 | 2 . 2 Energy Gun 1 | 1 . . Energy Cannon . | . . . Ballistic Gun 3 | 1 . 2 Ballistic Cannon . | . . . Launcher . | . . . Special Weapon . | . . . Impact Weapon . | . . . Slashing Weapon . | . . . Piercing Weapon . | . . . Special Melee Weapon . | . . . Unidentified Prototypes . | . . . Parts Lost . | . . . Power . | . . . Propulsion . | . . . Utility . | . . . Weapon . | . . . Highest Loss Streak . | . . . To Critical Strikes . | . . . Average Slot Usage (%) 93 | . 90 95 Engine 1 | . 4 . Core 10 | . 9 11 Leg 28 | . 28 29 Device 8 | . 5 11 Storage 12 | . 14 11 Processor 3 | . . 5 Protection 2 | . . 4 Energy Gun 8 | . 14 3 Ballistic Gun 16 | . 14 18 Naked Turns . | . . . Heaviest Build 22 | 12 15 22 Greatest Support 45 | 20 20 45 Greatest Overweight (x) 1 | . . 1 Average Overweight (x) . | . . . Largest Inventory Capacity 8 | 8 8 8 Average Capacity 7 | 7 8 8 Most Carried 6 | 3 4 6 Average Carried 4 | 1 3 5 Final Capacity 8 | 8 8 8 Final Carried 6 | 3 4 6 Class Distribution -------------------- 100% | Mutant Dominant Class ---------------- Mutant | -10/Materials Mutant | -9/Materials Resources | -11 -10 -9 ----------- Run | Scr Mat Mat Matter Collected 505 | 230 104 171 Remotely . | . . . Salvage Created 582 | . 202 380 Parts 39 | . 16 23 Haulers Intercepted 2 | . 1 1 Recyclers Shooed . | . . . Parts Field Recycled . | . . . Retrieved Matter . | . . . Parts Self-Destructed . | . . . Prevented . | . . . Kills | -11 -10 -9 ------- Run | Scr Mat Mat Combat Hostiles Destroyed 16 | . 5 11 Guns 16 | . 5 11 Classes Destroyed 4 | . 3 1 Hauler 2 | . 1 1 Swarmer 5 | . 3 2 Grunt 9 | . 2 7 Sentry 2 | . . 2 Best Kill Streak 3 | . 3 3 Combat Bots Only 3 | . 3 3 Max Kills in Single Turn 2 | . 1 2 Gunslinging . | . . . Exploded . | . . . Melee . | . . . Uniques/NPCs Destroyed . | . . . Combat | -11 -10 -9 -------- Run | Scr Mat Mat Damage Taken 288 | . 181 107 Core 27 | . 16 11 Absorbed by Shields . | . . . Core Remaining (%) 96 | 100 93 . Volleys Fired 34 | . 18 16 Largest 2 | . 2 2 Hottest 60 | . 60 50 Shots Fired 68 | . 36 32 Gun 68 | . 36 32 Cannon . | . . . Launcher . | . . . Special . | . . . Kinetic 50 | . 18 32 Thermal . | . . . Explosive . | . . . Electromagnetic 18 | . 18 . Robot Hit Streak 18 | . 9 18 Robot Miss Streak 2 | . 1 2 Penetration Max . | . . . Secondary Targets 1 | . 1 . Max Gunslinging Chain 1 | . 1 . Shots Hit Robots 54 | . 27 27 Core Hits 28 | . 10 18 Critical Kills 1 | . . 1 Critical Parts Destroyed . | . . . Critical Strikes 1 | . . 1 Destroy 1 | . . 1 Melee Attacks . | . . . Impact . | . . . Slashing . | . . . Piercing . | . . . Sneak Attacks . | . . . Combat Hostiles . | . . . Follow-up Attacks . | . . . Damage Inflicted 941 | . 357 584 Guns 941 | . 357 584 Cannons . | . . . Explosions . | . . . Melee . | . . . Ramming . | . . . Kinetic 761 | . 177 584 Thermal . | . . . Explosive . | . . . Electromagnetic 180 | . 180 . Impact . | . . . Slashing . | . . . Piercing . | . . . Highest Corruption . | . . . Average Corruption . | . . . Corruption Purged . | . . . Corruption Blocked . | . . . Overload Shots . | . . . Overflow Damage . | . . . Projectiles . | . . . Explosions . | . . . Melee . | . . . Knockbacks . | . . . Impact . | . . . Kinetic . | . . . Secondary . | . . . Self-Inflicted Damage . | . . . Shots . | . . . Rammed . | . . . Targets Rammed . | . . . Kicked . | . . . Crushed . | . . . Highest Temperature 90 | . 90 42 Average Temperature 30 | . 34 22 Received Heat Transfer 174 | . 108 66 Siege Activations . | . . . Robots Corrupted . | . . . Combat Hostiles . | . . . Parts Fried . | . . . Impact Corruptions . | . . . Robots Melted . | . . . Combat Hostiles . | . . . Parts Melted . | . . . Heat Transferred . | . . . Parts Sabotaged . | . . . Parts Stolen . | . . . Parts Stripped . | . . . Power Chain Reactions . | . . . Missiles Intercepted . | . . . Alert | -11 -10 -9 ------- Run | Scr Mat Mat Peak Influence 413 | . 142 413 Initial 51 | . . 51 Average 130 | . 70 194 Maximum Alert Level 2 | . . 2 Low Security (%) 72 | 100 100 48 Level 1 24 | . . 45 Level 2 2 | . . 5 Level 3 . | . . . Level 4 . | . . . Level 5 . | . . . High Security . | . . . Max Security . | . . . Squads Dispatched 3 | . . 3 Investigation 1 | . . 1 Extermination . | . . . Reinforcement 2 | . . 2 Assault . | . . . Garrison . | . . . Intercept . | . . . Searches Triggered . | . . . Construction Impeded . | . . . Haulers Reinforced . | . . . Active Scanning Responses . | . . . Cargo Convoy Interrupts . | . . . Stealth | -11 -10 -9 --------- Run | Scr Mat Mat Distress Signals 2 | . . 2 Communications Jammed . | . . . Distress Signals . | . . . Times Spotted 25 | . 7 18 Peak Tracking Total 4 | . 4 3 Tactical Retreats . | . . . Traps | -11 -10 -9 ------- Run | Scr Mat Mat Traps Triggered 2 | . 1 1 Indirectly . | . . . Trap Hack Attempts . | . . . Triggered . | . . . Disarmed . | . . . Reprogrammed . | . . . Reused . | . . . Traps Extracted . | . . . Installed . | . . . Triggered . | . . . Machines | -11 -10 -9 ---------- Run | Scr Mat Mat Machines Disabled . | . . . Max in Single Turn . | . . . Machines Sabotaged . | . . . Garrisons Compromised . | . . . Overloaded Fab Kills . | . . . Hacking | -11 -10 -9 --------- Run | Scr Mat Mat Machines Accessed 5 | . 3 2 Terminals 4 | . 2 2 Fabricators . | . . . Repair Stations . | . . . Recycling Units 1 | . 1 . Scanalyzers . | . . . Garrison Access . | . . . Total Hacks 17 | . 10 7 Successful 10 | . 5 5 Failed 7 | . 5 2 Catastrophic 1 | . 1 . Database Lockouts . | . . . Manual 10 | . 4 6 Terminals 16 | . 9 7 Fabricators . | . . . Repair Stations . | . . . Recycling Units 1 | . 1 . Scanalyzers . | . . . Garrison Access . | . . . Terminal Hacks 7 | . 3 4 Prototype ID Bank 1 | . 1 . Branch Access Points 1 | . . 1 Terminal Index 1 | . . 1 Garrison Index 2 | . 1 1 Unreport Threat 1 | . . 1 Recall Reinforcements 1 | . 1 . Fabricator Hacks . | . . . Repair Station Hacks . | . . . Recycling Unit Hacks 1 | . 1 . Retrieve Components 1 | . 1 . Scanalyzer . | . . . Garrison Access Hacks . | . . . Unauthorized Hacks 2 | . 1 1 Terminals 2 | . 1 1 Botnet 2 | . 1 1 Fabricators . | . . . Repair Stations . | . . . Recycling Units . | . . . Scanalyzers . | . . . Garrison Access . | . . . Data Cores Recovered . | . . . Used . | . . . Hacking Detections 4 | . 2 2 Full Trace Events . | . . . Feedback Events . | . . . Feedback Blocked . | . . . Robot Schematics Acquired . | . . . Robots Built . | . . . Authchips . | . . . Time . | . . . Total Robot Build Rating . | . . . Part Schematics Acquired . | . . . Parts Built . | . . . Authchips . | . . . Time . | . . . Total Part Build Rating . | . . . Parts Repaired . | . . . Time . | . . . Parts Recycled . | . . . Recycled Matter . | . . . Retrieved Matter . | . . . Retrieved Components 10 | . 10 . Parts Scanalyzed . | . . . Part Schematics Acquired . | . . . Parts Damaged . | . . . Bothacking | -11 -10 -9 ------------ Run | Scr Mat Mat Used RIF Installer . | . . . Robots Hacked . | . . . Non-combat . | . . . Combat . | . . . Robot Hacks Applied . | . . . Relay Couplers Released . | . . . Fabnet Peak Effective % . | . . . Robots Rewired . | . . . Allies Hacked . | . . . Hacks Repelled . | . . . Allies | -11 -10 -9 -------- Run | Scr Mat Mat Total Allies . | . . . Largest Group . | . . . Highest-Rated Group . | . . . Highest-Rated Ally . | . . . Total Orders . | . . . Ally Attacks . | . . . Total Damage . | . . . Kills . | . . . Allies Corrupted . | . . . Allies Melted . | . . . Intel | -11 -10 -9 ------- Run | Scr Mat Mat Robot Analysis Total . | . . . Derelict Logs Recovered . | . . . Drone Launches . | . . . Drone Recoveries . | . . . Exploration | -11 -10 -9 ------------- Run | Scr Mat Mat Turns Passed 704 | 65 266 373 Spaces Moved 397 | 47 133 217 Core 4 | 4 . . Treads . | . . . Legs 393 | 43 133 217 Wheels . | . . . Hover . | . . . Flight . | . . . Fastest Speed 50 | 50 120 120 Average Speed 127 | 114 120 135 Slowest Speed 190 | 120 120 190 Overloaded Moves . | . . . Propulsion Burnouts . | . . . Robots Hopped . | . . . Cave-ins Triggered . | . . . Exploration Rate (%) 23 | 4 37 30 Regions Visited 2 Branch Regions . Pre-discovered Areas . | . . . Known Exits Taken . | . . . Unknown Exits Taken 2 | 1 1 . Scrap Searched . | . . . Spaces Dug . | . . . Terrain Destroyed . | . . . Melee . | . . . Projectile . | . . . AOE . | . . . Terrain Rammed . | . . . Walls Destroyed . | . . . Machines Disabled . | . . . Actions | -11 -10 -9 --------- Run | Scr Mat Mat Total 520 | 55 203 262 Wait 63 | . 49 14 Move 395 | 46 132 217 Hop . | . . . Pick Up 5 | 3 1 1 Fast Attach 16 | 6 2 8 Attach . | . . . Detach 1 | . . 1 Swap . | . . . Drop 6 | . 1 5 Fire 34 | . 18 16 Melee . | . . . Ram . | . . . Kick . | . . . Crush . | . . . Escape Stasis . | . . . Rewire . | . . . Trap . | . . . Miscellaneous . | . . . Route ------- -11/Scrapyard -10/Materials -9/Materials (discovered 2 exits: [*Mat] / Min) History --------- Turn | Location | Event 19 | -11/Scrapyard | Discovered new exit (range 16) 66 | -11/Scrapyard | Entered Materials 298 | -10/Materials | Discovered new exit (range 16) 313 | -10/Materials | Build established: Mutant 332 | -10/Materials | Entered another Materials area 332 | -9/Materials | Evolved 2 slots: Propulsion x1, Utility x1 510 | -9/Materials | Identified exit to Mines 526 | -9/Materials | Discovered new exit (range 11) 705 | -9/Materials | Self-destructed Last Messages --------------- 00568_ G-34 Mercenary destroyed. 00574_ Acquired 42 matter. 00579_ O-16 Technician: "IFF HANDSHAKE FAILED. SECURING TERMINAL." 00583_ A-02 Transporter destroyed. 00585_ ALERT: Hostiles spotted, dispatching reinforcements to Terminal M002. 00586_ Acquired 27 matter. 00611_ K-01 Serf collects debris. 00630_ G-34 Mercenary destroyed. 00630_ S-10 Pest destroyed. 00634_ K-01 Serf cleans the Material Processor. 00676_ Triggered Alarm Trap. 00676_ An alarm sounds. 00676_ ALERT: Alarm triggered, dispatching investigation squad. 00684_ Y-45 Defender destroyed. 00705_ Connecting with Terminal... >>Alert(Purge) Purged threat record, alert level lowered. >>Index(Garrisons) No garrison accesses found. Map ----- +----------------------------------------------------+ | ???????????????????????????? | | ???????????????????????????? | | ???????????????????????????? | | ???????????????????????????? | | ???????????????????????????? | | ???????????????????????????? | | ???????????????????????????? | | ??????????????? ??????????? | | ??????????????# ??????????? | | ?????????? ???# #??"??????? | | ????????????? # +?"?? ????? | | ???????"S??? ?+ #???? ?#??# | | ???????????? ?# ##??+#?#? ? | | ??#?#? ????? # ##?? # ? ?? | | ??#????????? ?# #?## #? "?" | | ??#???????? ??# #### # ""?? | | ???????? ?????# #*"??? | | ##########+#??# %+[???? | | # # ##?#!== #????" | | # """ # ##?#!== #????? | | # ! """ # ####=== #???? | | # """ + ! #? ? | | # """ # #????? | | # """ ###/###+#### #??##? | | # #? ## #????? | | # @ [ # """ "" ## #????# | | # "T" # """ """ ## #??#?? | | ########## """ S" ## #????# | | ????????## ## #??#?# | | #????????# ## ##??## | | ???????#?# ## ##???? | | ?????????# ## #?##?# | | ???#?????############ #?#### | | ??????##?#?????##?### ##?# | | ?#???????##??#??#??## #### | | ????#??#??##?#?###?## ##?# | | ??#####??#?#?######## #?## | | ??#???#??###?# ] # #### " | | ????????#?##?# # #??# " | | ????##????#### """ # ##?# " | | ?????##?##???# """ # ##?# | | ???#??####??## """ # #?## | | ??###??##?###? # ###### | | ###??############+### | | ???#### [ | | ?#???## < [ [ | | ???##?# != | | #?#??####% ######+########## | | ####??### =##?#[ ??????## | | ?#?###??# ##?# """ # ???? | +----------------------------------------------------+ Best States ------------- Heat Dissipation 28 Energy Generation 14 Energy Capacity 160 Matter Stores 300 Matter Capacity 300 Sight Range 16 Terrain Scan Range 14 Terrain Scan Density 85 Armor Coverage 225 Resistance: KI 20 Resistance: TH 20 Resistance: EX 20 Resistance: EM 20 Resistance: I 20 Resistance: S 20 Resistance: P 20 Evasion (%) 55 Offensive Hacking 10 Item Schematics ----------------- None Robot Schematics ------------------ None Fabricated ------------ Nothing Alien Tech Used ----------------- None Achievements -------------- None Challenges ------------ None Game ------ Seed DamperBarrageCoupler Manual? 0 Play Time 00:08:01 Cumulative 139.5 hours Start 2022.04.17 @ 13:49:16 End 2022.04.17 @ 13:56:34 Sessions 1 Manual Loads 0 Difficulty Adventurer Special Mode None Game No. 30 Rogue 7 Adventurer 22 Explorer 1 Win Type - Total 10 Types 4/0/3/3/0/0/0/0/0 Lore% 51 Gallery% 58 Achievement% 62 Wizard Run 0 Options --------- ASCII 0 Keyboard 0 Movement Numpad Keybinds 0 Fullscreen 1 Font 18/SmallcapsGlow Map View 76x50 Tactical HUD 1 Map Filters NONE Filters NONE Steam 1 RUN: 1ad2ec59-bd1b-4d12-a89f-16fe79d63706